 Dungeon Crawl Stone Soup version 0.28-a0-1142-gc856994 (webtiles) character file.

Game seed: 14624803394624116884

165 HDogLeCool the Shield-Bearer (level 5, -2/42 HPs)
             Began as a Demonspawn Fighter on Dec 12, 2021.
             Was a Follower of Ru.
             Killed by divine providence
             ... invoked by an orc priest
              (11 damage)
             ... on level 3 of the Dungeon.
             The game lasted 00:04:19 (1525 turns).

HDogLeCool the Shield-Bearer (Demonspawn Fighter)   Turns: 1525, Time: 00:04:19

Health: -2/42      AC: 11    Str: 18    XL:     5   Next: 22%
Magic:  5/5        EV:  3    Int:  9    God:    Ru [*.....]
Gold:   134        SH: 14    Dex: 19    Spells: 4/4 levels left

rFire   . . .      SeeInvis .   a - +3 trident
rCold   . . .      Faith    .   k - +0 kite shield
rNeg    . . .      Spirit   .   h - +0 plate armour
rPois   .          Reflect  .   (no helmet)
rElec   .          Harm     .   (no cloak)
rCorr   .          Rampage  .   (no gloves)
Will    .....                   (no boots)
Stlth   ..........              (no amulet)
HPRegen 0.14/turn               e - +6 ring of dexterity
MPRegen 0.09/turn               (no ring)

@: mighty
A: large bone plates 1, powered by death 1, no earth magic, no translocations
magic, no transmutations magic
a: Renounce Religion


You were on level 3 of the Dungeon.
You worshipped Ru.
Ru was aware of your devotion.
You visited 1 branch of the dungeon, and saw 3 of its levels.

You collected 134 gold pieces.

Inventory:

Hand Weapons
 a - a +3 trident (weapon)
Missiles
 g - 127 stones (quivered)
 i - 6 curare-tipped darts
Armour
 b - a +0 scale mail
 c - a +0 buckler
 h - a +0 plate armour (worn)
 k - a +0 kite shield (worn)
Jewellery
 e - a +6 ring of dexterity (left hand)
 l - a ring of ice
Potions
 f - a potion of attraction {unknown}
 j - a potion of lignification {unknown}


   Skills:
 + Level 3.7 Fighting
 - Level 1.7(2.5) Axes
 * Level 2.7(3.0) Polearms
 - Level 2.6 Armour
 * Level 4.0 Shields


You had 4 spell levels left.
You didn't know any spells.
Your spell library contained the following spells:

 Spells                   Type           Power      Damage    Failure   Level
 Poisonous Vapours        Pois/Air       0%         N/A       100%        2
 Olgreb's Toxic Radiance  Pois           0%         N/A       100%        4
 Sting                    Tmut/Pois      Unusable   1d3       N/A         1

Dungeon Overview and Level Annotations

Branches:
Dungeon (3/15)

Altars:
Ru


Innate Abilities, Weirdness & Mutations

You are partially covered in large bone plates. (SH +4)
You regenerate a little health from kills.
You cannot study or cast Earth magic.
You cannot study or cast Translocations magic.
You cannot study or cast Transmutations magic.


Message History

Found 13 sling bullets.
g - 127 stones (gained 18)
There is an open door here.
You open the door.
There is an open door here.
Found an escape hatch in the floor.
An orc comes into view. It is wielding a +0 hand axe.
Found 6 gold pieces.
The orc shouts!
You see here a scroll labelled YMEOSCH NYORA.
An orc is nearby!
An orc comes into view. It is wielding a +0 hand axe.
The orc shouts!
An orc comes into view. It is wielding a +0 hand axe.
An orc priest comes into view. It is wielding a +0 flail.
The orc shouts!
An orc priest comes into view. It is wielding a +0 falchion.
You reach to attack!
You closely miss the orc.
The orc priest mumbles some strange prayers to Beogh against you.
Beogh smites you!
You puncture the orc!
You kill the orc!
You see here a +0 hand axe.
You barely miss the orc priest. The orc hits you with a +0 hand axe.
The orc priest invokes the aid of Beogh against you.
Pain shoots through your body! You block the orc priest's attack.
You are too injured to fight recklessly!
You are too injured to fight recklessly!
The orc hits you but does no damage.
You barely miss the orc. You block the orc's attack.
You hit the orc but do no damage. The orc barely misses you.
The orc priest looks satisfied for a moment.
The orc priest mumbles some strange prayers to Beogh against you.
Pain shoots through your body!
* * * LOW HITPOINT WARNING * * *
You block the orc's attack.
You feel very mighty all of a sudden.
The orc priest calls down the wrath of Beogh upon you.
Beogh smites you!
You die...

####### #########
#.....# #........
#.###.# #........ #.#
#.# #.....#
#.###.########....#
#.##.........o....#
#.##..########?#@##
#.....# #.#o####.#
####.## #ooo.....#
#.### ##)..##### #...#
#..>..# ###.##
#.......#
#####...####.........#
...........+.......$.+
#####...####.........#


You could see 2 orc priests and 2 orcs.

Vanquished Creatures
  A hound (D:3)
  2 orc wizards (D:3)
  2 adders
  A worm (D:2)
  3 orcs (D:3)
  10 ball pythons
  6 endoplasms
  3 giant cockroaches
  7 goblins
  7 hobgoblins
  2 jackals (D:3)
  2 kobolds
  2 quokkas (D:1)
  3 bats
  2 frilled lizards (D:1)
  8 rats
61 creatures vanquished.

Notes
Turn   | Place    | Note
-------+----------+-------------------------------------------
     0 | D:1      | HDogLeCool the Demonspawn Fighter began the quest for the
                  | Orb.
     0 | D:1      | Reached XP level 1. HP: 18/18 MP: 1/1
    10 | D:1      | Noticed a wolf
    10 | D:1      | Noticed a redback
    11 | D:1      | Noticed an anaconda
    11 | D:1      | Noticed a black bear
   294 | D:1      | Gained mutation: You regenerate a little health from kills.
                  | [demonic ancestry]
   294 | D:1      | Reached XP level 2. HP: 24/24 MP: 2/2
   316 | D:1      | Reached skill level 3 in Shields
   317 | D:1      | Reached skill level 1 in Polearms
   320 | D:1      | Found a faded altar of an unknown god.
   333 | D:1      | Prayed at the altar of an unknown god.
   333 | D:1      | Became a worshipper of Ru the Awakened
   346 | D:1      | Gained mutation: You cannot study or cast Earth magic. [Ru
                  | sacrifice]
   346 | D:1      | Gained mutation: You cannot study or cast Transmutations
                  | magic. [Ru sacrifice]
   346 | D:1      | Gained mutation: You cannot study or cast Translocations
                  | magic. [Ru sacrifice]
   346 | D:1      | Reached * piety under Ru
   506 | D:1      | Reached XP level 3. HP: 29/29 MP: 3/3
  1246 | D:3      | Gained mutation: You are partially covered in large bone
                  | plates. (SH +4) [demonic ancestry]
  1246 | D:3      | Reached XP level 4. HP: 34/35 MP: 4/4
  1344 | D:3      | Reached skill level 4 in Shields
  1344 | D:3      | Reached XP level 5. HP: 42/42 MP: 5/5
  1525 | D:3      | Killed from afar by an orc priest

Illustrated notes

Levels and vault maps discovered:
D:1:      onia_arrival_zoo_common, layout_rooms,
          chequers_ecumenical_altar_simple_redux
D:2:      layout_basic, grunt_ministairs_14
D:3:      layout_loops_corners, minmay_diced_spiral

Skill      XL: |  1  2  3  4 |
---------------+-------------+-----
Shields        | 3 4 |  4.0
Polearms       | 1 2 |  2.7
Fighting       | |  3.7
Axes           | |  1.7
Armour         | |  2.6

Action                   |  1- 3 |  4- 6 || total
-------------------------+-------+-------++-------
Melee: Trident           |   136 |    42 ||   178
Invok: Sacrifice Arcana  |     1 |       ||     1
  Use: Potion            |       |     1 ||     1
Armor: Scale mail        |    23 |       ||    23
       Plate armour      |    26 |    25 ||    51
Dodge: Dodged            |    27 |     4 ||    31
Block: Buckler           |    30 |       ||    30
       Kite shield       |     8 |    21 ||    29

Table legend: (Time is in decaauts)
 A = Elapsed time spent in this place.
 B = Non-inter-level travel time spent in this place.
 C = Inter-level travel time spent in this place.
 D = Time resting spent in this place.
 E = Time spent auto-exploring this place.
 F = Levels seen in this place.
 G = Mean time per level.
                   A        B        C        D        E       F      G
               +--------+--------+--------+--------+--------+-----+--------+
         Total |   1573 |   1531 |     42 |     30 |   1077 |   3 |  524.3 |
       Dungeon |   1573 |   1531 |     42 |     30 |   1077 |   3 |  524.3 |
               +--------+--------+--------+--------+--------+-----+--------+

Top non-repeatable levels by time:
     D:1: 696 daAuts
     D:2: 553 daAuts
     D:3: 323 daAuts
